 Dungeon Crawl Stone Soup version 0.27-a0-909-g0721f309d1 (webtiles) character file.

Game seed: 3968129114252922711

2474 robertstho the Cleaver (level 9, -10/121 HPs)
             Began as a Minotaur Berserker on Apr 8, 2021.
             Was an Elder of Trog.
             Killed by the air
             ... invoked by Gastronok
              (21 damage)
             ... on level 8 of the Dungeon.
             The game lasted 00:07:37 (8830 turns).

robertstho the Cleaver (Minotaur Berserker)         Turns: 8830, Time: 00:07:38

Health: -10/121    AC: 10    Str: 24    XL:     9   Next: 26%
Magic:  17/17      EV: 12    Int:  5    God:    Trog [****..]
Gold:   48         SH:  0    Dex: 16    Spells: 8/8 levels left

rFire    . . .     SeeInvis .   a - +0 hand axe
rCold    . . .     Faith    .   (no shield)
rNeg     . . .     Spirit   .   u - +0 scale mail
rPois    .         Reflect  .   (helmet restricted)
rElec    .         Harm     .   (no cloak)
rCorr    .         Rampage  .   (no gloves)
Will     .....                  F - +1 pair of boots
Stlth    ..........             (no amulet)
HPRegen  0.30/turn              o - +6 ring of dexterity
MPRegen  0.15/turn              p - ring of magical power

@: berserking, slowed
A: horns 2, retaliatory headbutt
a: Renounce Religion, Berserk, Trog's Hand, Brothers in Arms


You were on level 8 of the Dungeon.
You worshipped Trog.
Trog was greatly pleased with you.
You visited 1 branch of the dungeon, and saw 8 of its levels.
You also visited: Sewer.

You collected 269 gold pieces.
You spent 221 gold pieces at shops.

Inventory:

Hand Weapons
 a - a +0 hand axe (weapon)
 y - a +2 mace of protection
Missiles
 k - 4 curare-tipped darts
 v - a throwing net
 w - 2 atropa-tipped darts
 B - 4 boomerangs of dispersal
Armour
 g - a +0 ring mail
 u - a +0 scale mail (worn)
 F - a +1 pair of boots (worn)
Jewellery
 o - a +6 ring of dexterity (left hand)
 p - a ring of magical power (right hand)
Wands
 q - a wand of mindburst (20)
 x - a wand of acid (12)
 C - a wand of digging (1)
Scrolls
 b - a scroll of silence
 f - 3 scrolls of noise {unknown}
 h - 4 scrolls of enchant armour {unknown}
 j - 6 scrolls of teleportation {unknown}
 m - a scroll of torment {unknown}
 r - 2 scrolls of immolation {unknown}
 s - 2 scrolls of enchant weapon {unknown}
 t - a scroll of summoning
 A - a scroll of fog {unknown}
 E - 2 scrolls of blinking {unknown}
Potions
 c - 3 potions of curing
 d - 2 potions of flight
 e - 2 potions of attraction
 i - 2 potions of haste
 l - 4 potions of heal wounds
 n - 2 potions of magic
 z - 4 potions of lignification
 D - a potion of degeneration


   Skills:
 + Level 7.8 Fighting
 + Level 10.3 Axes
 + Level 8.1 Armour
 + Level 4.3 Dodging
 + Level 1.4 Stealth


You had 8 spell levels left.
You didn't know any spells.
Your spell library was empty.

Dungeon Overview and Level Annotations

Branches:
Dungeon (8/15)             Temple (0/1) D:4           Sewer (visited)
   Lair: D:8-11

Altars:
Dithmenos
Gozag
Nemelex Xobeh
Sif Muna
Xom
Yredelemnul
Zin
The Shining One

Shops:
D:1 !

Annotations:
D:8 Gastronok


Innate Abilities, Weirdness & Mutations

You have a pair of horns on your head.
You reflexively headbutt those who attack you in melee.


Message History

Gastronok bites you!!
* * * LOW HITPOINT WARNING * * *
You are too injured to fight recklessly!
You are too injured to fight recklessly!
You are too injured to fight recklessly!
You are too injured to fight recklessly!
You are too injured to fight recklessly!
You are too injured to fight recklessly!
You are too injured to fight recklessly!
A red film seems to cover your vision as you go berserk!
You feel yourself moving faster!
You feel mighty!
Okay, then.
You hit Gastronok.
Gastronok is moderately wounded.
Gastronok waves his eye-stalks in wide circles.
The air twists around and strikes you!!
* * * LOW HITPOINT WARNING * * *
You hit Gastronok. You headbutt Gastronok!
Gastronok is heavily wounded.
You slash Gastronok!
Gastronok is heavily wounded.
Gastronok mumbles some strange words.
You slash Gastronok! You headbutt Gastronok!
Gastronok is severely wounded.
You slice Gastronok!!
Gastronok is severely wounded.
You slash the quokka!
You kill the quokka!
The quokka's corpse disappears in a puff of smoke!
You slash Gastronok!
Gastronok is severely wounded.
You closely miss the quokka. You slash the quokka!
You kill the quokka!
The quokka's corpse disappears in a puff of smoke!
The quokka misses you. You furiously retaliate!
You headbutt the quokka!
You kill the quokka!
The quokka's corpse disappears in a puff of smoke!
Gastronok waves his eye-stalks in wide circles.
The air twists around and strikes you!!
You die...

#.###..# #.# #.#
#..# #.# #.# #..#
#.# #.# #..# #.#
#.# #..#
..###?#####.###..#
....>........#...
##§?.....#.#...
#w@.....##.#
#..§####..# .
#...## #..# ##
...# #!.# .# #..#
#..# #..# ..#


You could see Gastronok.

Vanquished Creatures
  A centaur zombie (D:6)
  A sky beast (D:6)
  A black bear (D:7)
  2 necrophages
  An ice beast (D:7)
  A centaur (D:6)
  7 kobold brigands (Sewer)
  2 bullfrogs
  A scorpion (D:6)
  A water moccasin skeleton (D:6)
  2 howler monkeys (D:7)
  2 electric eels (D:6)
  4 hounds
  2 orc priests
  2 jellies (D:5)
  A bullfrog skeleton (D:6)
  A gnoll shaman (D:7)
  2 orc wizards
  2 iguanas (D:6)
  A hound skeleton (D:5)
  8 gnolls
  7 adders
  A river rat (Sewer)
  An ufetubus (D:4)
  An adder skeleton (D:4)
  7 worms
  2 dart slugs
  14 orcs
  6 bats
  9 endoplasms
  9 giant cockroaches
  3 goblins
  9 hobgoblins
  2 jackals (D:3)
  12 kobolds
  8 quokkas
  7 ball pythons
  3 frilled lizards
  9 rats
155 creatures vanquished.

Vanquished Creatures (others)
  2 plants (D:4)
2 creatures vanquished.

Grand Total: 157 creatures vanquished

Notes
Turn   | Place    | Note
-------+----------+-------------------------------------------
     0 | D:1      | robertstho the Minotaur Berserker began the quest for the
                  | Orb.
     0 | D:1      | Reached XP level 1. HP: 19/19 MP: 0/0
    96 | D:1      | Reached skill level 4 in Axes
    96 | D:1      | Reached XP level 2. HP: 27/27 MP: 1/1
   515 | D:1      | Found Doutrusmu's Distillery.
   722 | D:1      | Reached XP level 3. HP: 31/33 MP: 2/2
  1223 | D:2      | Reached ** piety under Trog
  1626 | D:2      | Found a faded altar of an unknown god.
  1731 | D:2      | Reached XP level 4. HP: 35/41 MP: 3/3
  2042 | D:3      | Found a glowing drain.
  2062 | Sewer    | Entered a sewer
  2445 | Sewer    | Noticed a kobold brigand
  2456 | Sewer    | Killed a kobold brigand
  2457 | Sewer    | Reached skill level 5 in Fighting
  2457 | Sewer    | Reached skill level 5 in Axes
  2457 | Sewer    | Reached XP level 5. HP: 42/48 MP: 4/4
  2765 | Sewer    | Reached skill level 6 in Axes
  2765 | Sewer    | Reached XP level 6. HP: 16/56 MP: 5/5
  3562 | Sewer    | Reached skill level 5 in Armour
  3562 | Sewer    | Reached XP level 7. HP: 30/62 MP: 6/6
  3968 | D:3      | Found a large runed translucent door.
  3969 | D:3      | Found a large runed translucent door.
  4000 | D:3      | Reached skill level 7 in Axes
  4063 | D:3      | You fall into a shaft and drop 3 floors!
  4070 | D:6      | Reached *** piety under Trog
  4692 | D:6      | Reached skill level 1 in Stealth
  4692 | D:6      | Reached XP level 8. HP: 71/71 MP: 7/7
  4775 | D:6      | Reached skill level 8 in Axes
  5160 | D:6      | Reached skill level 9 in Axes
  5220 | D:5      | Entered Level 5 of the Dungeon
  5409 | D:5      | Found a shadowy altar of Dithmenos.
  5409 | D:5      | Found a basalt altar of Yredelemnul.
  5839 | D:5      | Found a glowing golden altar of the Shining One.
  6525 | D:4      | Found a staircase to the Ecumenical Temple.
  6721 | D:4      | Reached XP level 9. HP: 79/79 MP: 8/8
  7062 | D:3      | Found a glowing silver altar of Zin.
  7116 | D:3      | Found an opulent altar of Gozag.
  7207 | D:3      | Found a shimmering altar of Xom.
  7216 | D:3      | Found a sparkling altar of Nemelex Xobeh.
  7218 | D:3      | Reached **** piety under Trog
  7277 | D:1      | Bought a potion of curing for 39 gold pieces
  7277 | D:1      | Bought a potion of degeneration for 13 gold pieces
  7277 | D:1      | Bought a potion of flight for 39 gold pieces
  7277 | D:1      | Bought a potion of heal wounds for 65 gold pieces
  7277 | D:1      | Bought a potion of heal wounds for 65 gold pieces
  7482 | D:7      | Reached skill level 10 in Axes
  7563 | D:7      | Found a shimmering blue altar of Sif Muna.
  8807 | D:8      | Noticed Gastronok
  8830 | D:8      | Killed from afar by Gastronok

Illustrated notes

Levels and vault maps discovered:
D:1:      scummos_arrival_star, layout_loops_corners, serial_shops, shop
D:2:      wander_river, layout_rooms, ebering_ecumenical_altar_box,
          kennysheep_big_empty_room, kennysheep_small_spiral
D:3:      layout_loops_cross, pdpol_temple_overflow_zin_treasury_gozag_greed,
          jmf_multi_god_temple2, portal_sewer_entry_f, minmay_tree_intersection
D:4:      layout_gridville, lemuel_temple_firewalk_b, serial_forest,
          infiniplex_forest_corner_1, infiniplex_forest_clump_tiny,
          infiniplex_forest_end_1, infiniplex_forest_clump_double,
          infiniplex_forest_straight_5, infiniplex_forest_lined_3_way,
          infiniplex_forest_straight_3, infiniplex_forest_fountain, st_stairs_12
D:5:      layout_rooms, minitemple, tso_oasis_becter, grunt_decor_resistance
D:6:      layout_gridville, nrook_pool_corridor, kennysheep_generic_room_4
D:7:      layout_basic, kennysheep_little_box, nicolae_zen_rock_garden
D:8:      minmay_the_grid_triangle_9x9_rhombus_thin
          [minmay_the_grid_triangle_9x9_windchime,
          minmay_the_grid_triangle_9x9_prize_schism,
          minmay_the_grid_triangle_9x9_dagger,
          minmay_the_grid_triangle_9x9_corrupted_corridor], layout_basic,
          uniq_grum, uniq_gastronok

Skill      XL: |  1  2  3  4  5  6  7  8  9 |
---------------+----------------------------+-----
Fighting       | 4 5 6 7 |  7.8
Axes           | 4 5 6 7 9 10 | 10.3
Armour         | 3 4 5 6 7 8 |  8.1
Dodging        | 3 4 |  4.3
Stealth        | 1 |  1.4

Action                   |  1- 3 |  4- 6 |  7- 9 || total
-------------------------+-------+-------+-------++-------
Melee: Hand axe          |   103 |   113 |   243 ||   459
       Headbutt          |     9 |    15 |    72 ||    96
Invok: Berserk           |     1 |     5 |     4 ||    10
       Trog's Hand       |       |     1 |       ||     1
  Use: Scroll            |       |       |     7 ||     7
Armor: Animal skin       |    15 |       |       ||    15
       Ring mail         |    23 |    26 |    16 ||    65
       Scale mail        |       |       |    64 ||    64
Dodge: Dodged            |    69 |    72 |   119 ||   260

Table legend: (Time is in decaauts)
 A = Elapsed time spent in this place.
 B = Non-inter-level travel time spent in this place.
 C = Inter-level travel time spent in this place.
 D = Time resting spent in this place.
 E = Time spent auto-exploring this place.
 F = Levels seen in this place.
 G = Mean time per level.
                   A        B        C        D        E       F      G
               +--------+--------+--------+--------+--------+-----+--------+
         Total |   9126 |   8694 |    432 |    342 |   7310 |   9 | 1014.0 |
       Dungeon |   7101 |   6669 |    432 |    297 |   5621 |   8 |  887.6 |
         Sewer |   2025 |   2025 |      0 |     45 |   1688 |   1 | 2025.0 |
               +--------+--------+--------+--------+--------+-----+--------+

Top non-repeatable levels by time:
   Sewer: 2025 daAuts
     D:7: 1424 daAuts
     D:1: 1253 daAuts
     D:6: 1188 daAuts
     D:4: 917 daAuts
     D:2: 861 daAuts
     D:3: 751 daAuts
     D:5: 661 daAuts
     D:8: 42 daAuts
